 Dungeon Crawl Stone Soup version 0.22-a0-815-gb582571 (webtiles) character file.

95 zishaf the Sneak (level 4, 0/28 HPs)
             Began as a Kobold Assassin on July 23, 2018.
             Was a Follower of Uskayaw.
             Hit by a goblin thrown by Robin (2 damage)
             ... on level 2 of the Dungeon.
             The game lasted 00:04:26 (2000 turns).

zishaf the Sneak (Kobold Assassin)                  Turns: 2000, Time: 00:04:27

Health: 0/28       AC:  2    Str: 15    XL:     4   Next: 95%
Magic:  4/4        EV: 15    Int: 12    God:    Uskayaw [*.....]
Gold:   126        SH:  0    Dex: 16    Spells: 3/3 levels left

rFire    . . .     SeeInvis .   a - +2 dagger
rCold    . . .     Gourm    .   (shield restricted)
rNeg     . . .     Faith    .   i - -2 leather armour (curse)
rPois    .         Spirit   .   (no helmet)
rElec    .         Reflect  .   d - +0 cloak
rCorr    .         Harm     .   (no gloves)
MR       .....                  (no boots)
Stlth    +++.......             (no amulet)
HPRegen  0.09/turn              o - +6 ring of strength
MPRegen  0.09/turn              (no ring)

@: no status effects
A: small, carnivore
a: Stomp, Renounce Religion


You were on level 2 of the Dungeon.
You worshipped Uskayaw.
Uskayaw was noncommittal.
You were completely stuffed.

You visited 1 branch of the dungeon, and saw 2 of its levels.

You collected 126 gold pieces.

Inventory:

Hand Weapons
 a - a +2 dagger (weapon)
 b - a +0 blowgun
Missiles
 e - 5 poisoned needles
 f - 2 curare-tipped needles
Armour
 c - a +0 robe
 d - a +0 cloak (worn)
 i - a cursed -2 leather armour (worn)
Jewellery
 o - a +6 ring of strength (left hand)
Scrolls
 h - a scroll of amnesia {unknown}
 j - a scroll of random uselessness {unknown}
 n - a scroll of enchant armour {unknown}
 p - a scroll of fear {unknown}
 s - a scroll of identify {unknown}
 t - a scroll of magic mapping {unknown}
 u - a scroll of teleportation {unknown}
 v - a scroll of immolation {unknown}
Potions
 k - a potion of lignification {unknown}
 l - a potion of agility {unknown}
 m - a potion of heal wounds {unknown}
 r - a potion of resistance {unknown}
Comestibles
 g - 2 rations
 q - 4 chunks of flesh


   Skills:
 + Level 3.0 Fighting
 + Level 3.6 Short Blades
 + Level 3.1 Throwing
 + Level 2.4 Dodging
 + Level 5.9 Stealth


You had 3 spell levels left.
You didn't know any spells.
Your spell library was empty.

Dungeon Overview and Level Annotations

Branches:
Dungeon (2/15)

Altars:
Elyvilon
Uskayaw

Annotations:
D:2 Robin


Innate Abilities, Weirdness & Mutations

You are small and have problems with some larger weapons.
You are carnivorous and can eat meat at any time.


Message History

The goblin hits you. Robin hits you but does no damage. The goblin misses you.
Robin laughs in a distinctly smug fashion.
Robin roars a battlecry!
The goblin goes into a battle-frenzy!
The goblin barely misses you. Robin throws the goblin at you!
The goblin hits you but does no damage. The goblin hits you.
* * * LOW HITPOINT WARNING * * *
You hit the goblin.
You kill the goblin!
Robin throws the goblin at you! The goblin closely misses you.
Robin throws the goblin at you! The goblin closely misses you.
The goblin misses you. Robin completely misses you. The goblin misses you.
Robin throws the goblin at you! The goblin hits you.
* * * LOW HITPOINT WARNING * * *
Robin says, "A pitiful Kobold like you will never find the ORB!"
Robin throws the goblin at you!
You die...

#.######## .# #.##.....# .#
##.##.....# .# #.........# .#
#..##.....# .#
#..##.....######.###.#.
###..####.รท...)..#....g..
#....g..g#######.........
#.######@# #######.## #.# #.# #.#
#.# ### #########.## #.#
##.##########
..........>#####.####.#..........
########.............###.########
# #.........####.#.## #
##.######## ##.## # #.....# ###


You could see Robin and a goblin.

Vanquished Creatures
  A gnoll (D:1)
  An adder (D:2)
  2 oozes (D:1)
  2 dart slugs
  2 leopard geckos (D:2)
  A ball python (D:2)
  4 bats
  A giant cockroach (D:2)
  12 goblins
  6 hobgoblins
  7 jackals
  3 frilled lizards
  8 kobolds
  6 rats
56 creatures vanquished.

Vanquished Creatures (others)
  A quokka (D:2)
1 creature vanquished.

Grand Total: 57 creatures vanquished

Notes
Turn   | Place    | Note
-------+----------+-------------------------------------------
     0 | D:1      | zishaf the Kobold Assassin began the quest for the Orb.
     0 | D:1      | Reached XP level 1. HP: 12/12 MP: 1/1
   215 | D:1      | Reached XP level 2. HP: 18/18 MP: 2/2
   339 | D:1      | Reached XP level 3. HP: 21/22 MP: 3/3
  1016 | D:1      | Reached XP level 4. HP: 22/27 MP: 4/4
  1174 | D:2      | Found a hide-covered altar of Uskayaw.
  1183 | D:2      | Became a worshipper of Uskayaw the Reveler
  1471 | D:2      | Reached * piety under Uskayaw
  1620 | D:2      | Found a white marble altar of Elyvilon.
  1661 | D:2      | Noticed Robin
  1954 | D:2      | Reached ** piety under Uskayaw
  2000 | D:2      | Hit by a goblin thrown by Robin

Vault maps used:
D:1:      enne_arrival_octagon_isle, kennysheep_small_spiral
D:2:      nicolae_overflow_crystal_walls, lemuel_doored_altar, elyvilon_altar_4,
          uniq_robin

Skill      XL: |  1  2  3  4 |
---------------+-------------+-----
Short Blades   | 3 |  3.6
Dodging        | 2 |  2.4
Throwing       | 3 |  3.1
Fighting       | 3 |  3.0
Stealth        | |  5.9

Action                   |  1- 3 |  4- 6 || total
-------------------------+-------+-------++-------
Melee: Dagger            |    91 |    69 ||   160
 Fire: Blowgun           |    14 |     4 ||    18
 Stab: Sleeping          |     7 |     8 ||    15
       Distracted        |       |     1 ||     1
  Eat: Chunk             |     8 |     4 ||    12
Armor: Robe              |    14 |       ||    14
       Leather armour    |       |     7 ||     7
Dodge: Dodged            |    59 |    53 ||   112

Table legend:
 A = Spawn XP
 B = Non-spawn XP
 C = Spawn XP percentage of total XP
 D = Spawn monster count
 E = Non-spawn monster count
 F = Spawn count percentage of total count
 G = Total turns spent on level
                    A         B        C        D         E        F      G
               +---------+---------+-------+---------+---------+-------+---------
         Total |       0 |     136 |   0.0 |       0 |      56 |   0.0 |  2000
               +---------+---------+-------+---------+---------+-------+---------
           D:1 |       0 |      77 |   0.0 |       0 |      31 |   0.0 |  1123
           D:2 |       0 |      59 |   0.0 |       0 |      25 |   0.0 |   877
               +---------+---------+-------+---------+---------+-------+---------
